 Dungeon Crawl Stone Soup version 0.28.0-43-g3370ac3207 (webtiles) character file.

Game seed: 1432708181975685530

377 Zero1 the Chopper (level 6, -3/56 HPs)
             Began as a Hill Orc Fighter on Mar 3, 2022.
             Slain by an ogre
             ... wielding a +0 giant spiked club
              (15 damage)
             ... on level 4 of the Dungeon.
             The game lasted 00:07:10 (3703 turns).

Zero1 the Chopper (Hill Orc Fighter)                Turns: 3703, Time: 00:07:10

Health: -3/56      AC:  9    Str: 21    XL:     6   Next: 73%
Magic:  0/6        EV:  7    Int:  8    God:
Gold:   153        SH:  5    Dex: 10    Spells: 5/5 levels left

rFire   . . .      SeeInvis +   a - +0 war axe
rCold   . . .      Faith    .   c - +1 buckler
rNeg    . . .      Spirit   +   p - +0 chain mail
rPois   .          Reflect  .   (no helmet)
rElec   .          Harm     .   (no cloak)
rCorr   .          Rampage  .   (no gloves)
Will    .....                   (no boots)
Stlth   ..........              n - amulet of guardian spirit
HPRegen 0.18/turn               h - ring of see invisible
MPRegen 0.10/turn               (no ring)

@: no status effects
A: no striking features
a: no special abilities


You were on level 4 of the Dungeon.
You visited 1 branch of the dungeon, and saw 4 of its levels.

You collected 153 gold pieces.

Inventory:

Hand Weapons
 a - a +0 war axe (weapon)
 j - a +2 dagger of electrocution
 o - a +3 flail
Missiles
 k - 3 curare-tipped darts (quivered)
 s - a boomerang
 t - 67 stones
Armour
 b - a +0 scale mail
 c - a +1 buckler (worn)
 p - a +0 chain mail (worn)
Jewellery
 h - a ring of see invisible (left hand)
 n - an amulet of guardian spirit (around neck)
Scrolls
 f - a scroll of teleportation {unknown}
 g - a scroll of enchant armour
 i - a scroll of magic mapping {unknown}
 m - a scroll of fear {unknown}
 q - a scroll of fog {unknown}
 r - a scroll of identify
Potions
 d - 2 potions of might
 e - 2 potions of curing
 l - a potion of attraction {unknown}


   Skills:
 + Level 5.1 Fighting
 * Level 6.2 Axes
 + Level 4.5 Armour
 + Level 4.6 Shields


You had 5 spell levels left.
You didn't know any spells.
Your spell library contained the following spells:

 Spells                   Type           Power      Damage    Failure   Level
 Sting                    Tmut/Pois      0%         1d3       99%         1
 Poisonous Vapours        Pois/Air       0%         N/A       100%        2
 Conjure Flame            Conj/Fire      0%         6-21      100%        3
 Ignite Poison            Fire/Tmut/Pois 0%         N/A       100%        3
 Animate Dead             Necr           0%         N/A       100%        4
 Olgreb's Toxic Radiance  Pois           0%         N/A       100%        4
 Sticky Flame             Conj/Fire      0%         2d3       100%        4
 Haunt                    Necr/Summ      0%         N/A       100%        7
 Infestation              Necr           0%         N/A       100%        8


Dungeon Overview and Level Annotations

Branches:
Dungeon (4/15)
 Temple: D:4-7

Altars:
Sif Muna

Annotations:
D:3 1 runed translucent door, diceflayer's ghost, amateur NaGl


Message History

You hit the orc.
You kill the orc!
Items here: ))) [[ †.
Okay, then.
Things that are here:
a +0 dagger; a +0 robe; an orc corpse
Things that are here:
a +0 hand axe; a +0 scale mail You start resting.
HP restored.
Found a stone staircase leading down.
There is a stone staircase leading down here.
Found a stone staircase leading up.
You open the door.
There is an open door here.
There is a fountain of clear blue water here.
You open the door.
There is an open door here.
A giant cockroach and an ogre come into view.
The ogre shouts!
You hit the giant cockroach.
The giant cockroach is almost dead.
The giant cockroach bites you but does no damage.
You slash the giant cockroach!
You kill the giant cockroach!
You block the ogre's attack.
You see here a giant cockroach corpse.
You barely miss the ogre.
The ogre hits you with a +0 giant spiked club!!
You hit the ogre.
The ogre is moderately wounded.
The ogre hits you with a +0 giant spiked club.
You barely miss the ogre.
The ogre is lightly wounded.
The ogre hits you with a +0 giant spiked club!!
* * * LOW HITPOINT WARNING * * *
You barely miss the ogre.
The ogre is lightly wounded.
The ogre hits you with a +0 giant spiked club!
You die...

#.#.......# #### #.####'####
#.##...#.# #.##.###.#
#####....###.#
#..........#.################
#............#...............
#...........###...#...#...#..
########....@O...............
###..###...#...#...#..
##.###............... #..#
################ #.##
#..##......# #.#
#####.###.......
#####.####...............
#............<...........
#........#..............#


You could see an ogre.

Vanquished Creatures
  A scorpion (D:4)
  A bullfrog skeleton (D:4)
  6 orc wizards
  2 adders
  An adder skeleton (D:4)
  A dart slug (D:1)
  18 orcs
  11 endoplasms
  6 giant cockroaches
  7 goblins
  6 hobgoblins
  10 jackals
  2 quokkas (D:2)
  6 ball pythons
  7 bats
  A frilled lizard (D:1)
  3 kobolds
  3 rats
92 creatures vanquished.

Notes
Turn   | Place    | Note
-------+----------+-------------------------------------------
     0 | D:1      | Zero1 the Hill Orc Fighter began the quest for the Orb.
     0 | D:1      | Reached XP level 1. HP: 19/19 MP: 1/1
   285 | D:1      | Reached skill level 3 in Axes
   425 | D:1      | Reached XP level 2. HP: 27/27 MP: 2/2
   923 | D:1      | Reached XP level 3. HP: 33/33 MP: 3/3
  1204 | D:2      | Found a shimmering blue altar of Sif Muna.
  1368 | D:2      | Reached skill level 4 in Axes
  1485 | D:2      | Reached XP level 4. HP: 40/40 MP: 4/4
  1649 | D:2      | Found a faded altar of an unknown god.
  2247 | D:3      | Found a runed translucent door.
  2253 | D:3      | Noticed diceflayer's ghost (amateur NaGl)
  2383 | D:3      | Reached XP level 5. HP: 5/47 MP: 5/5
  2693 | D:3      | Reached skill level 5 in Axes
  3022 | D:4      | Reached XP level 6. HP: 32/55 MP: 6/6
  3574 | D:4      | Reached skill level 5 in Fighting
  3575 | D:4      | Reached skill level 6 in Axes
  3703 | D:4      | Slain by an ogre

Illustrated notes

Levels and vault maps discovered:
D:1:      minmay_arrival_jagged, layout_loops_ring
D:2:      layout_rooms, basic_altar, shapermc_ecumenical_altar_mp_urbaneastern
D:3:      layout_rooms, ebering_ghost_reflecting_pool
D:4:      layout_rooms, lemuel_coloured_pillars_altar, minmay_fountain_box

Skill      XL: |  1  2  3  4  5  6 |
---------------+-------------------+-----
Axes           | 3 4 5 6 |  6.2
Fighting       | 4 5 |  5.1
Armour         | 4 |  4.5
Shields        | 4 |  4.6

Action                   |  1- 3 |  4- 6 || total
-------------------------+-------+-------++-------
Melee: War axe           |   107 |   131 ||   238
  Use: Scroll            |       |     3 ||     3
Armor: Scale mail        |    53 |    11 ||    64
       Chain mail        |       |    68 ||    68
Dodge: Dodged            |    44 |    41 ||    85
Block: Buckler           |    24 |    31 ||    55
